 Dungeon Crawl Stone Soup version 0.20-a0-526-g753eaab (webtiles) character file.

105 KristoblXynda the Conjurer (level 4, -4/27 HPs)
             Began as an Octopode Conjurer on Jan 26, 2017.
             Slain by an orc priest
             ... wielding a +0 short sword
              (7 damage)
             ... on level 3 of the Dungeon.
             The game lasted 00:05:25 (2327 turns).

KristoblXynda the Conjurer (Octopode Conjurer)      Turns: 2327, Time: 00:05:26

Health: -4/27      AC:  1    Str: 12    XL:     4   Next: 83%
Magic:  2/8        EV: 12    Int: 18    God:
Gold:   112        SH:  0    Dex: 12    Spells: 8/9 levels left

rFire    . . .     SeeInvis .   (no weapon)
rCold    . . .     Gourm    .   (no shield)
rNeg     . . .     Faith    .   (helmet restricted)
rPois    +         Spirit   .   (no amulet)
rElec    .         Reflect  .   l - ring of poison resistance
rCorr    .         Harm     .   (no ring)
MR       .....                  (no ring)
Stlth    +++.......             (no ring)
Regen    0.1/turn               (no ring)
                                (no ring)
                                (no ring)
                                (no ring)

@: mighty, flying, heavily drained
A: almost no armour, stealthy swim, amphibious, 8 rings, constrict 8, camouflage
1, gelatinous body 1
a: no special abilities


You were on level 3 of the Dungeon.
You were hungry.

You visited 1 branch of the dungeon, and saw 3 of its levels.

You collected 112 gold pieces.

Inventory:

Jewellery
 l - a ring of poison resistance (left tentacle)
 o - an uncursed ring of protection from magic {unknown}
Scrolls
 c - 3 scrolls of enchant weapon {unknown}
 g - a scroll of random uselessness {unknown}
 j - 6 scrolls of identify {unknown}
 k - a scroll of teleportation {unknown}
 m - a scroll of remove curse {unknown}
 n - a scroll of blinking {unknown}
Potions
 d - a potion of might
 i - a potion of resistance {unknown}
Books
 a - a book of Conjurations

   Spells                             Type                      Level
   a - Magic Dart                     Conjuration                  1
   b - Searing Ray                    Conjuration                  2
   c - Dazzling Spray                 Conjuration/Hexes            3
   d - Fulminant Prism                Conjuration/Hexes            4
   e - Iskenderun's Mystic Blast      Conjuration                  4
   f - Iskenderun's Battlesphere      Conjuration/Charms           5
Comestibles
 b - 2 bread rations
 f - a chunk of flesh


   Skills:
 - Level 2.0(0.8) Dodging
 + Level 4.4(3.2) Stealth
 + Level 3.0(1.9) Spellcasting
 + Level 4.7(3.5) Conjurations


You had 8 spell levels left.
You knew the following spells:

 Your Spells              Type           Power        Failure   Level  Hunger
a - Magic Dart            Conj           ##..         6%          1    #......


Dungeon Overview and Level Annotations

Branches:
Dungeon (3/15)

Altars:
Dithmenos
Kikubaaqudgha


Innate Abilities, Weirdness & Mutations

You cannot wear most types of armour.
You are very stealthy in the water. (Stealth+)
You are amphibious.
You can wear up to eight rings at the same time.
You can use your tentacles to constrict eight enemies at once.
Your skin changes colour to match your surroundings (Stealth+).
Your rubbery body absorbs attacks. (AC +1, EV +1)


Message History

Confirm with . or Enter, or press ? or * to list all spells.
Aiming: Magic Dart
Press: ? - help, Shift-Dir - straight line, f/p - orc
Aim: an orc, wielding a war axe (severely wounded)
The magic dart hits the orc.
You kill the orc!
The orc priest mumbles some strange prayers to Beogh against you.
Beogh smites you!
* * * LOW HITPOINT WARNING * * *
The orc hits you but does no damage.
You tentacle-slap the orc.
You kill the orc!
You tentacle-slap the orc priest. You grab the orc priest.
The orc priest is moderately wounded.
You constrict the orc priest. You tentacle-slap the orc priest.
The orc priest is severely wounded.
You constrict the orc priest.
The orc priest hits you with a short sword!
You die...

##### > ....
....##################..
....)†o@........(..[....
.....############.......
... #....... . #.......
#.....## #.....# #.....#
#.....# #######


You could see an orc priest.

Vanquished Creatures
  Natasha (D:3)
  3 adders
  An ooze (D:2)
  A worm (D:2)
  A leopard gecko (D:3)
  2 orcs (D:3)
  5 bats
  3 goblins
  4 hobgoblins
  3 jackals (D:2)
  6 kobolds
  A quokka (D:3)
  5 frilled lizards
  11 rats
47 creatures vanquished.

Notes
Turn   | Place    | Note
-------+----------+-------------------------------------------
     0 | D:1      | KristoblXynda the Octopode Conjurer began the quest for the Orb.
     0 | D:1      | Reached XP level 1. HP: 11/11 MP: 3/3
   190 | D:1      | Reached XP level 2. HP: 14/17 MP: 0/5
   924 | D:2      | Reached XP level 3. HP: 21/21 MP: 2/6
  1538 | D:2      | Found a shadowy altar of Dithmenos.
  1539 | D:2      | Found an ancient bone altar of Kikubaaqudgha.
  1790 | D:2      | Reached XP level 4. HP: 27/27 MP: 5/8
  1934 | D:3      | Noticed Natasha
  1939 | D:3      | Killed Natasha
  2327 | D:3      | Slain by an orc priest

Vault maps used:
D:1:      dpeg_arrival_central, kennysheep_boxes
D:2:      gammafunk_temple_overflow_pools
D:3:      first_bread, uniq_natasha

Skill      XL: |  1  2  3  4 |
---------------+-------------+-----
Stealth        | 3 4 |  4.4
Spellcasting   | 3 |  3.0
Dodging        | |  2.0
Conjurations   | |  4.7

Action                   |  1- 3 |  4- 6 || total
-------------------------+-------+-------++-------
Melee: Unarmed           |    16 |     7 ||    23
       Constrict         |     4 |     2 ||     6
       Tentacles         |     4 |       ||     4
 Cast: Magic Dart        |    63 |    31 ||    94
  Use: Potion            |       |     3 ||     3
  Eat: Chunk             |     2 |     3 ||     5
Dodge: Dodged            |    12 |     3 ||    15
